 Dungeon Crawl Stone Soup version 0.28.0-1-gb440e238dd (webtiles) character file.

Game seed: 603600135106976076

4 cbfl8 the Sneak (level 1, -6/20 HPs)
             Began as a Hill Orc Delver on Feb 26, 2022.
             Mangled by an orc (7 damage)
             ... on level 5 of the Dungeon.
             The game lasted 00:00:37 (118 turns).

cbfl8 the Sneak (Hill Orc Delver)                    Turns: 118, Time: 00:00:38

Health: -6/20      AC:  3    Str: 14    XL:     1   Next: 60%
Magic:  1/1        EV: 11    Int: 10    God:
Gold:   43         SH:  0    Dex: 12    Spells: 0/0 levels left

rFire   . . .      SeeInvis .   a - +0 hand axe
rCold   . . .      Faith    .   (no shield)
rNeg    . . .      Spirit   .   b - +0 leather armour
rPois   .          Reflect  .   (no helmet)
rElec   .          Harm     .   (no cloak)
rCorr   .          Rampage  .   (no gloves)
Will    .....                   (no boots)
Stlth   ++........              (no amulet)
HPRegen 0.06/turn               (no ring)
MPRegen 0.07/turn               (no ring)

@: no status effects
A: no striking features
a: no special abilities


You were on level 5 of the Dungeon.
You visited 1 branch of the dungeon, and saw 2 of its levels.

You collected 43 gold pieces.

Inventory:

Hand Weapons
 a - a +0 hand axe (weapon)
Armour
 b - a +0 leather armour (worn)
Wands
 g - a wand of digging (3)
Scrolls
 c - a scroll of fog
 d - a scroll of magic mapping
 e - a scroll of fear
Potions
 f - 2 potions of haste


   Skills:
 + Level 3.7 Fighting
 + Level 2.7 Axes
 + Level 1.5 Dodging
 + Level 4.2 Stealth


You couldn't memorise any spells.
You didn't know any spells.
Your spell library was empty.

Dungeon Overview and Level Annotations

Branches:
Dungeon (6/15)
 Temple: D:4-7

Altars:


Message History

You closely miss the orc. You punch the orc, but do no damage.
The orc is severely wounded.
The orc hits you but does no damage.
You hit the orc.
You kill the orc!
You hit the orc.
The orc is severely wounded.
The orc barely misses you.
You closely miss the orc.
The orc is severely wounded.
The orc barely misses you. The orc closely misses you.
You hit the orc.
The orc is almost dead.
The orc hits you but does no damage.
You hit the orc.
You kill the orc!
There is a stone staircase leading down here.
There is a stone staircase leading up here. 2 orcs come into view.
The orc shouts!
You hear a shout!
An orc comes into view. It is wielding a +0 hand axe.
The orc shouts!
An orc comes into view. It is wielding a +0 flail.
The orc hits you with a +0 flail.
There is a stone staircase leading up here.
Unknown command.
The orc hits you with a +0 flail!
You hit the orc.
The orc is heavily wounded.
An orc priest comes into view. It is wielding a +0 mace.
The orc barely misses you.
You closely miss the orc.
The orc is heavily wounded.
You barely miss the orc. The orc hits you with a +0 flail!
* * * LOW HITPOINT WARNING * * *
The orc misses you. The orc misses you.
There is a stone staircase leading up here.
The orc barely misses you. The orc hits you with a +0 hand axe!
You die...

#..o......#######..##...#
#................##...##
#.......).............#
###....o..>...#.........
###.....o.......##........
#..............###........
##.............###.........
#.........oo....##.........
###..........o@...#..........
#....................##......
##...................# ......
####.................##.....
##.................##....
##.................#....
##.............#...#...
##.............#...#
#............##...


You could see an orc priest (wandering) and 4 orcs.

Vanquished Creatures
  2 orcs (D:5)
2 creatures vanquished.

Notes
Turn   | Place    | Note
-------+----------+-------------------------------------------
     0 | D:5      | cbfl8 the Hill Orc Delver began the quest for the Orb.
     0 | D:5      | Reached XP level 1. HP: 19/19 MP: 1/1
    42 | D:6      | Noticed a boulder beetle
    58 | D:6      | Noticed a wight
   115 | D:5      | Noticed an orc priest
   116 | D:5      | HP: 1/20 [orc (8)]
   118 | D:5      | Mangled by an orc

Illustrated notes

Levels and vault maps discovered:
D:5:      layout_cave_pods, minmay_temple_entry_drinking_statues
D:6:      layout_rooms, nicolae_hepliaklqana_hippocampus,
          nicolae_zen_rock_garden, uniq_grinder, uniq_pikel, uniq_menkaure

Action                   || total
-------------------------++-------
Melee: Hand axe          ||    10
       Punch             ||     1
Armor: Leather armour    ||     3
Dodge: Dodged            ||     8
